 Dungeon Crawl Stone Soup version 0.26.0-16-gc1dbca0489 (webtiles) character file.

Game seed: 5158808102385203693

548 thiole the Firebug (level 7, 0/41 HPs)
             Began as an Octopode Fire Elementalist on Jan 19, 2021.
             Was an Initiate of Elyvilon.
             Slain by an orc
             ... wielding a +0 mace
              (8 damage)
             ... on level 4 of the Dungeon.
             The game lasted 00:09:07 (5388 turns).

thiole the Firebug (Octopode Fire Elementalist)     Turns: 5388, Time: 00:09:07

Health: 0/41       AC:  1    Str: 13    XL:     7   Next: 28%
Magic:  3/13       EV: 17    Int: 20    God:    Elyvilon [......]
Gold:   209        SH:  0    Dex: 12    Spells: 13/14 levels left

rFire    . . .     SeeInvis .   (no weapon)
rCold    . . .     Faith    .   (no shield)
rNeg     . . .     Spirit   .   (helmet restricted)
rPois    .         Reflect  .   t - amulet of regeneration
rElec    .         Harm     .   e - +4 ring of evasion
rCorr    .         Rampage  .   o - +6 ring of strength
Will     +....                  w - ring of willpower
Stlth    ++++......             (no ring)
HPRegen  0.53/turn              (no ring)
MPRegen  0.13/turn              (no ring)
                                (no ring)
                                (no ring)

@: no status effects
A: almost no armour, stealthy swim, amphibious, 8 rings, constrict 8, camouflage
1, gelatinous body 1
a: Renounce Religion


You were on level 4 of the Dungeon.
You worshipped Elyvilon.
Elyvilon was noncommittal.
You visited 2 branches of the dungeon, and saw 5 of its levels.

You collected 209 gold pieces.

Inventory:

Hand Weapons
 v - a +1 dagger of chaos
Armour
 p - a +0 tower shield
Jewellery
 e - a +4 ring of evasion (left tentacle)
 f - an uncursed amulet of faith
 o - a +6 ring of strength (right tentacle)
 t - an amulet of regeneration (around mantle)
 w - a ring of willpower (on tentacle)
Wands
 u - a wand of acid (4)
Scrolls
 a - 6 scrolls of identify
 b - a scroll of noise {unknown}
 c - a scroll of magic mapping {unknown}
 d - 2 scrolls of teleportation {unknown}
 i - 2 scrolls of random uselessness {unknown}
 j - a scroll of enchant armour {unknown}
 k - a scroll of enchant weapon {unknown}
 n - a scroll of remove curse {unknown}
Potions
 g - a potion of brilliance {unknown}
 h - a potion of lignification {unknown}
 l - a potion of magic {unknown}
 m - a potion of resistance {unknown}
 q - 2 potions of heal wounds {unknown}
 r - a potion of attraction {unknown}
 s - a potion of invisibility {unknown}


   Skills:
 - Level 2.1 Dodging
 + Level 5.5 Stealth
 * Level 4.4 Spellcasting
 - Level 1.4 Conjurations
 * Level 5.6 Fire Magic


You had 13 spell levels left.
You knew the following spells:

 Your Spells              Type           Power        Failure   Level
a - Foxfire               Conj/Fire      72%          3%          1

Your spell library contained the following spells:

 Spells                   Type           Power        Failure   Level
 Conjure Flame            Conj/Fire      18%          9%          3
 Inner Flame              Hex/Fire       15%          12%         3
 Sticky Flame             Conj/Fire      18%          28%         4
 Fireball                 Conj/Fire      9%           63%         5


Dungeon Overview and Level Annotations

Branches:
Dungeon (4/15)             Temple (1/1) D:4

Altars:
Ashenzari
Dithmenos
Elyvilon
Fedhas
Hepliaklqana
Kikubaaqudgha
Makhleb
Nemelex Xobeh
Okawaru
Ru
Trog
Uskayaw
Xom
Yredelemnul
Zin


Innate Abilities, Weirdness & Mutations

You cannot wear most types of armour.
You are very stealthy in the water. (Stealth+)
You are amphibious.
You can wear up to eight rings at the same time.
You can use your tentacles to constrict eight enemies at once.
Your skin changes colour to match your surroundings (Stealth+).
Your rubbery body absorbs attacks. (AC +1, EV +1)


Message History

The magic dart hits you!
You tentacle-slap the orc wizard but do no damage.
The orc wizard is moderately wounded.
You constrict the orc wizard. The orc wizard misses you.
You tentacle-slap the orc wizard.
The orc wizard is heavily wounded.
You constrict the orc wizard. The orc wizard casts a spell at you.
The magic dart hits you.
* * * LOW HITPOINT WARNING * * *
The orc wizard hits you with a +0 dagger.
* * * LOW HITPOINT WARNING * * *
You tentacle-slap the orc wizard but do no damage.
The orc wizard is almost dead.
You constrict the orc wizard.
You kill the orc wizard!
You tentacle-slap the orc but do no damage.
Your grab misses the orc. Your squeeze misses the orc.
The orc hits you with a +0 mace!
You die...

#..# #.####.##.#...........
#######.## #.......#.#######..###
.#...#...# #########.# #...##
.#.⌠.#.⌠.######...##.# #....##
.#...#...##..))...##.# #......
###)###.###.###.).##.# #.....#
.#...#...##§###...##.######.....#
...⌠...⌠.##.#.##o###.............
.#...#...#....##@# #.######..)###
###.###.##..#.##.# ### #(.†...
)#...#...#..#.##.# #....##
...⌠.#.⌠.#..#.##.# #..[.#
.#...#...#..#.##.# ####.##
##########..#.##)# #...
.#.#.#.#.#..#.##)# ####
.#.#.#.#.#..#.##)# .....#...#..#
#.#


You could see an orc.

Vanquished Creatures
  2 ogres (D:4)
  4 crimson imps (D:4)
  2 orc wizards (D:4)
  2 worker ants (D:4)
  A hound skeleton (D:4)
  4 adders
  2 worms
  A dart slug (D:3)
  A leopard gecko (D:2)
  9 orcs
  7 giant cockroaches
  8 goblins
  8 hobgoblins
  8 kobolds
  3 quokkas
  A ball python (D:1)
  7 bats
  3 frilled lizards
  A leopard gecko skeleton (D:4)
  7 rats
81 creatures vanquished.

Vanquished Creatures (others)
  297 foxfires
297 creatures vanquished.

Grand Total: 378 creatures vanquished

Notes
Turn   | Place    | Note
-------+----------+-------------------------------------------
     0 | D:1      | thiole the Octopode Fire Elementalist began the quest for
                  | the Orb.
     0 | D:1      | Reached XP level 1. HP: 11/11 MP: 3/3
   178 | D:1      | Reached XP level 2. HP: 17/17 MP: 0/5
  1156 | D:1      | Reached XP level 3. HP: 21/21 MP: 2/6
  1871 | D:2      | Found a basalt altar of Yredelemnul.
  2041 | D:2      | Reached XP level 4. HP: 27/27 MP: 3/7
  2109 | D:2      | Found a shadowy altar of Dithmenos.
  2532 | D:2      | Found a sparkling altar of Nemelex Xobeh.
  3568 | D:3      | Found a burning altar of Makhleb.
  3573 | D:3      | Found a glowing silver altar of Zin.
  3573 | D:3      | Noticed an angel
  3573 | D:3      | Noticed an Executioner
  3865 | D:3      | Noticed an orc warrior
  3957 | D:4      | Noticed an ogre
  4100 | D:4      | Reached XP level 5. HP: 31/31 MP: 4/9
  4370 | D:4      | Found a shimmering altar of Xom.
  4530 | D:4      | Reached XP level 6. HP: 36/36 MP: 7/11
  4682 | D:4      | Found a staircase to the Ecumenical Temple.
  4691 | Temple   | Entered the Ecumenical Temple
  4782 | Temple   | Became a worshipper of Elyvilon the Healer
  4811 | D:4      | Reached skill level 5 in Stealth
  4811 | D:4      | Reached skill level 5 in Fire Magic
  4922 | D:4      | Reached XP level 7. HP: 41/41 MP: 1/13
  5183 | D:4      | Found a white marble altar of Elyvilon.
  5388 | D:4      | Slain by an orc

Illustrated notes

Levels and vault maps discovered:
D:1:      lemuel_arrival_cross, layout_basic,
          hangedman_abyss_or_decor_lesser_grid, minmay_worlds_worst_comb
D:2:      layout_loops_ring, nemelex_xobeh_ov_fountains_minmay,
          nicolae_overflow_hidden_temple, nicolae_dithmenos_shadow_blocks
D:3:      layout_loops_ring, grunt_temple_overflow_order_and_chaos_2
D:4:      layout_basic, led_xom_imps, minmay_temple_entry_nine_rooms,
          elyvilon_altar_1
Temple:   dpeg_three_leaves_temple

Skill      XL: |  1  2  3  4  5  6 |
---------------+-------------------+-----
Stealth        | 3 4 5 |  5.5
Fire Magic     | 4 5 |  5.6
Spellcasting   | 3 4 |  4.4
Dodging        | |  2.1
Conjurations   | |  1.4

Action                   |  1- 3 |  4- 6 |  7- 9 || total
-------------------------+-------+-------+-------++-------
Melee: Unarmed           |    37 |    38 |    41 ||   116
       Constrict         |    11 |    13 |    12 ||    36
       Tentacles         |     5 |    10 |     9 ||    24
       Dagger            |       |     5 |       ||     5
 Cast: Foxfire           |    76 |   124 |    32 ||   232
  Use: Potion            |     1 |       |       ||     1
       Scroll            |       |     4 |       ||     4
Armor: Skin              |     3 |     1 |     1 ||     5
Dodge: Dodged            |    28 |    30 |    20 ||    78
